 Dungeon Crawl Stone Soup version 0.29-a0-512-gf59ac788ac (webtiles) character file.

Game seed: 7256118908859155900

29 dabmancer the Magician (level 3, -1/21 HPs)
             Began as an Octopode Hedge Wizard on May 30, 2022.
             Killed from afar by Sigmund (7 damage)
             ... with a magic dart
             ... on level 2 of the Dungeon.
             The game lasted 00:03:31 (1675 turns).

dabmancer the Magician (Octopode Hedge Wizard)      Turns: 1675, Time: 00:03:32

Health: -1/21      AC:  1    Str:  9    XL:     3   Next: 16%
Magic:  3/8        EV: 13    Int: 18    God:
Gold:   18         SH:  0    Dex: 11    Spells: 3/9 levels left

rFire   . . .      SeeInvis .   a - +0 dagger
rCold   . . .      Faith    .   (no shield)
rNeg    . . .      Spirit   .   b - +0 hat
rPois   .          Reflect  .   (no amulet)
rElec   .          Harm     .   (no ring)
rCorr   .          Rampage  .   (no ring)
Will    .....                   (no ring)
Stlth   +++.......              (no ring)
HPRegen 0.07/turn               (no ring)
MPRegen 0.11/turn               (no ring)
                                (no ring)
                                (no ring)

@: no status effects
A: almost no armour, amphibious, 8 rings, camouflage 1, gelatinous body 1,
(nimble swimmer 1), tentacles
a: no special abilities


You were on level 2 of the Dungeon.
You visited 1 branch of the dungeon, and saw 2 of its levels.

You collected 18 gold pieces.

Inventory:

Hand Weapons
 a - a +0 dagger (weapon)
Armour
 b - a +0 hat (worn)
Scrolls
 e - 2 scrolls of noise {unknown}
 f - a scroll of teleportation {unknown}
Potions
 c - a potion of magic
 d - 2 potions of attraction {unknown}
 g - a potion of invisibility {unknown}


   Skills:
 + Level 0.2 Short Blades
 + Level 2.2 Dodging
 + Level 2.8 Stealth
 + Level 3.8 Spellcasting
 + Level 1.0 Conjurations
 + Level 1.0 Summonings
 + Level 1.0 Translocations


You had 3 spell levels left.
You knew the following spells:

 Your Spells              Type           Power      Damage    Failure   Level
a - Magic Dart            Conj           28%        1d4       10%         1
b - Blink                 Tloc           14%        N/A       16%         2
c - Call Imp              Summ           7%         N/A       16%         2
d - Slow                  Hex            12%        N/A       16%         1

Your spell library contained the following spells:

 Spells                   Type           Power      Damage    Failure   Level
 Conjure Flame            Conj/Fire      5%         6-21      34%         3
 Mephitic Cloud           Conj/Pois/Air  4%         N/A       36%         3


Dungeon Overview and Level Annotations

Branches:
Dungeon (2/15)

Altars:

Annotations:
D:2 Sigmund


Innate Abilities, Weirdness & Mutations

You cannot wear most types of armour.
You are amphibious.
You can wear up to eight rings at the same time.
Your skin changes colour to match your surroundings (Stealth+).
Your rubbery body absorbs attacks. (AC +1, EV +1)
((You are camouflaged when in or above water. (Stealth+)))
You have tentacles for arms and can constrict up to eight enemies at once.


Message History

You can't see any susceptible monsters within range! (Use Z to cast anyway.)
Casting: Call Imp (safe; 16% risk of failure)
Confirm with . or Enter, or press ? or * to list all spells.
Aiming: Slow (safe; 16% risk of failure)
Press: ? - help, Shift-Dir - straight line Really fire in your crimson imp's direction?
You miscast Slow.
You are very lightly contaminated with residual magic.
Nothing appears to happen.
Casting: Slow (safe; 16% risk of failure)
Confirm with . or Enter, or press ? or * to list all spells.
Okay, then.
Casting: Slow (safe; 16% risk of failure)
Confirm with . or Enter, or press ? or * to list all spells.
Aiming: Slow (safe; 16% risk of failure)
Press: ? - help, Shift-Dir - straight line Really fire in your crimson imp's direction?
Nothing appears to happen.
Your crimson imp seems less confused.
Something hits you!
* * * LOW HITPOINT WARNING * * *
Your crimson imp barely misses something.
Casting: Slow (safe; 16% risk of failure)
Confirm with . or Enter, or press ? or * to list all spells.
You blink.
You are too injured to fight recklessly!
Casting: Blink (safe; 16% risk of failure)
Confirm with . or Enter, or press ? or * to list all spells.
Aiming: Slow (safe; 16% risk of failure)
Press: ? - help, Shift-Dir - straight line Really fire in your crimson imp's direction?
Okay, then.
Your magical contamination has completely faded away.
You feel stable enough to blink again.
Your crimson imp disappears in a puff of smoke!
You hear some strange, mumbled words.
Something tries to affect you, but you resist.
A magic dart appears from out of thin air!
The magic dart hits you!
You die...

#.####..##
##....... #.# #.##
##..)..# #.####.#
##...## #.##...#
##'## #.##.#{# #.#
#.##.#.# #.#
#......# ####.###
####.###
####....... #@#
#.........# #.#
#.###....##
#.######.# #......
#........###.#####
########.....# #
####.######
#....... ########


There were no monsters in sight!

Vanquished Creatures
  An adder (D:2)
  A dart slug (D:1)
  A bat (D:1)
  2 endoplasms (D:1)
  A giant cockroach (D:1)
  2 goblins (D:1)
  A hobgoblin (D:1)
  3 jackals (D:1)
  A quokka (D:2)
  3 ball pythons (D:1)
  A kobold (D:2)
17 creatures vanquished.

Notes
Turn   | Place    | Note
-------+----------+-------------------------------------------
     0 | D:1      | dabmancer the Octopode Hedge Wizard began the quest for the
                  | Orb.
     0 | D:1      | Reached XP level 1. HP: 11/11 MP: 4/4
   373 | D:1      | Reached XP level 2. HP: 17/17 MP: 1/6
   376 | D:1      | Learned a level 2 spell: Blink
   379 | D:1      | Learned a level 2 spell: Call Imp
   751 | D:1      | Learned a level 1 spell: Slow
   873 | D:1      | Found a faded altar of an unknown god.
  1530 | D:2      | Reached XP level 3. HP: 16/21 MP: 6/8
  1647 | D:2      | Noticed Sigmund
  1675 | D:2      | Killed from afar by Sigmund

Illustrated notes

Levels and vault maps discovered:
D:1:      elethiomel_arrival_infinity_welcomes_careful_drivers,
          layout_loops_cross, basic_ecumenical_altar, chequers_mini_garden
D:2:      layout_loops_corners, uniq_sigmund

Action                   || total
-------------------------++-------
Melee: Dagger            ||    20
       Constrict         ||     5
       Tentacles         ||     3
 Cast: Magic Dart        ||    33
       Slow              ||     1
       Blink             ||     1
       Call Imp          ||     1
Dodge: Dodged            ||     9

Table legend: (Time is in decaauts)
 A = Elapsed time spent in this place.
 B = Non-inter-level travel time spent in this place.
 C = Inter-level travel time spent in this place.
 D = Time resting spent in this place.
 E = Time spent auto-exploring this place.
 F = Levels seen in this place.
 G = Mean time per level.
                   A        B        C        D        E       F      G
               +--------+--------+--------+--------+--------+-----+--------+
         Total |   1674 |   1636 |     38 |    472 |   1028 |   2 |  837.0 |
       Dungeon |   1674 |   1636 |     38 |    472 |   1028 |   2 |  837.0 |
               +--------+--------+--------+--------+--------+-----+--------+

Top non-repeatable levels by time:
     D:1: 1355 daAuts
     D:2: 319 daAuts
